 Dungeon Crawl Stone Soup version 0.30-a0-304-gdc4b735fe1 (webtiles) character file.

Game seed: 8019080611427692557

116 IdlyInterested the Trooper (level 4, -3/35 (39) HPs)
             Began as a Demonspawn Wanderer on Oct 20, 2022.
             Slain by a hell rat (13 damage)
             ... in a sewer.
             The game lasted 00:09:32 (1944 turns).

IdlyInterested the Trooper (Demonspawn Wanderer)    Turns: 1944, Time: 00:09:33

HP:   -3/35 (39)    AC:  4    Str: 14    XL:     4   Next: 69%
MP:   15/16         EV: 12    Int: 13    God:
Gold: 156           SH:  0    Dex: 13    Spells: 6/7 levels left

rFire   . . .      SeeInvis .    s - +8 hand axe of False Hope {freeze, Will++ MP+9}
rCold   . . .      Faith    .    (no shield)
rNeg    . . .      Spirit   .    j - +0 leather armour
rPois   .          Reflect  .    (helmet currently unavailable)
rElec   .          Harm     .    e - scarf {shadows}
rCorr   .          Rampage  .    h - +0 pair of gloves
Will    ++...                    (boots currently unavailable)
Stlth   ++........               (no amulet)
HPRegen 0.25/turn                (no ring)
MPRegen 0.15/turn                (no ring)

@: appendages, hasted, heavily drained, very quick
A: horns 2, talons 2, hooves 1, foul stench 1
a: End Transformation


You were in a sewer.
You had temporarily grown beastly horns and talons.
You visited 1 branch of the dungeon, and saw 3 of its levels.
You also visited: Sewer.

You collected 156 gold pieces.

Inventory:

Hand Weapons
 a - a +3 dagger
 f - the +8 dagger of the Valley of Death {venom, Will+ Str+2}
   (You found it on level 3 of the Dungeon)

   It poisons the flesh of those it strikes.
   Str:       It affects your strength (+2).
   Will:      It increases your willpower.
 m - a +0 short sword
 o - a +0 flail
 q - a +2 dagger of venom
 s - the +8 hand axe of False Hope (weapon) {freeze, Will++ MP+9}
   (You found it on level 2 of the Dungeon)

   It freezes those it strikes, dealing additional cold damage.
   It can also slow down cold-blooded creatures.
   MP:        It affects your magic capacity (+9).
   Will:      It greatly increases your willpower.
Armour
 d - a +0 robe
 e - a scarf of shadows (worn)
 h - a +0 pair of gloves (worn)
 j - a +0 leather armour (worn)
Scrolls
 c - a scroll of butterflies
 k - 2 scrolls of amnesia
 n - a scroll of blinking
Potions
 b - a potion of haste
 g - 2 potions of brilliance
 i - a potion of curing
 l - a potion of flight
 r - 3 potions of heal wounds


   Skills:
 + Level 5.1 Fighting
 * Level 1.5 Armour
 - Level 2.0 Dodging
 - Level 2.0 Stealth
 - Level 2.0 Spellcasting
 - Level 1.7 Transmutations


You had 6 spell levels left.
You knew the following spells:

 Your Spells              Type           Power      Damage    Failure   Level
a - Beastly Appendage     Tmut           10%        N/A       16%         1

Your spell library contained the following spells:

 Spells                   Type           Power      Damage    Failure   Level
 Spider Form              Tmut/Pois      3%         N/A       54%         3


Dungeon Overview and Level Annotations

Branches:
Dungeon (3/15)              Sewer (1/1)

Altars:

Shops:
D:3 *


Innate Abilities, Weirdness & Mutations

You have temporarily grown beastly horns and talons.
You have large cloven feet.
You may rarely emit foul miasma when damaged in melee.


Message History

Moving in this stuff is going to be slow.
You open the door.
A hell rat comes into view.
The hell rat roars deafeningly!
The hell rat moves out of view.
Found a smoky coppery potion, a potion of brilliance and 2 scrolls of identify.
Found a gate leading back out of this place.
Found a viscous golden potion, a blue potion and a potion of heal wounds.
There is an open door here.
You completely miss the hell rat. The hell rat barely misses you.
You hit the hell rat. You freeze the hell rat.
You kick the hell rat, but do no damage.
The hell rat is moderately wounded.
The hell rat barely misses you. The hell rat bites you!
You enter the shallow water.
Moving in this stuff is going to be slow.
The hell rat attacks as you move away! The hell rat bites you.
You feel drained. The hell rat attacks as you move away!
The hell rat barely misses you.
You closely miss the hell rat.
You kick the hell rat, but do no damage.
The hell rat is moderately wounded.
The hell rat closely misses you.
The hell rat splashes around in the water.
You barely miss the hell rat.
The hell rat is moderately wounded.
The hell rat splashes around in the water.
The hell rat bites you!
You feel drained.
* * * LOW HITPOINT WARNING * * *
You feel yourself speed up. The hell rat completely misses you.
Sorry, you're not good enough to have a special ability.
Casting: Beastly Appendage (safe; 16% risk of failure)
Press: ? - help, Q - select action Dir - look around, f - activate You grow a pair of large bovine horns.
Your feet morph into talons.
The hell rat barely misses you.
You hit the hell rat. You freeze the hell rat.
You claw the hell rat, but do no damage.
The hell rat is severely wounded.
The hell rat bites you!
You die...

#########
###...~~~~###
###~..~~~~r@.~###
#...~.##'##...~~#
##.†~###~~.###.~~##
#~~~##~~~~~~~##~.~#
#.~~#...~~~~~.#~~~#
#.~~##~?!!!!~##.~~#
##~~~###?∩!###~.†##
#~...~#####~~~..#
###.~~~†∩†~.~.###


You could see a hell rat.

Vanquished Creatures
  2 adders
  A gnoll (D:1)
  A river rat (D:3)
  3 dart slugs
  5 ball pythons
  8 bats
  8 endoplasms
  4 giant cockroaches
  5 goblins
  3 hobgoblins
  3 jackals (D:3)
  2 quokkas
  2 kobolds
  16 rats
63 creatures vanquished.

Vanquished Creatures (collateral kills)
  An adder (D:2)
1 creature vanquished.

Grand Total: 64 creatures vanquished

Notes
Turn   | Place    | Note
-------+----------+-------------------------------------------
     0 | D:1      | IdlyInterested the Demonspawn Wanderer began the quest for
                  | the Orb.
     0 | D:1      | IdlyInterested set off with the following items: a +3
                  | dagger, a potion of haste, a scroll of butterflies, a +0
                  | robe; and the following spell memorised: Beastly Appendage;
                  | and the following spells available to memorise: Spider
                  | Form.
     0 | D:1      | Reached XP level 1. HP: 19/19 MP: 3/3
    96 | D:1      | Lost mutation: You have razor-sharp toenails. [demonic
                  | ancestry]
    96 | D:1      | Lost mutation: You have sharp toenails. [demonic ancestry]
    96 | D:1      | Gained mutation: You have large cloven feet. [demonic
                  | ancestry]
    96 | D:1      | Reached XP level 2. HP: 13/25 MP: 3/5
   275 | D:1      | Reached skill level 1 in Dodging
   289 | D:1      | Reached XP level 3. HP: 4/31 MP: 6/6
  1377 | D:2      | Gained mutation: You may rarely emit foul miasma when
                  | damaged in melee. [demonic ancestry]
  1377 | D:2      | Reached XP level 4. HP: 38/38 MP: 5/7
  1403 | D:2      | Identified the +8 hand axe of False Hope {freeze, Will++
                  | MP+9}
  1702 | D:3      | Identified the +8 dagger of the Valley of Death {venom,
                  | Will+ Str+2}
  1770 | D:3      | Reached skill level 1 in Armour
  1806 | D:3      | Found Zin's Purification Station.
  1845 | D:3      | Reached skill level 5 in Fighting
  1876 | D:3      | Found a glowing drain.
  1883 | Sewer    | Entered a sewer
  1944 | Sewer    | Slain by a hell rat

Illustrated notes

Levels and vault maps discovered:
D:1:      scummos_arrival_gate, layout_rooms
D:2:      layout_loops_ring, chequers_serial_rivers_room_b
D:3:      layout_loops_ring, zin_purify, lemuel_coloured_pillars_altar,
          nicolae_tso_carved_into_rock, gammafunk_temple_overflow_wave,
          portal_sewer_entry_e
Sewer:    sewer_hellmonk_bad_rat

Skill      XL: |  1  2  3  4 |
---------------+-------------+-----
Stealth        | 2 |  2.0
Dodging        | 1 2 |  2.0
Armour         | 1 |  1.5
Fighting       | 5 |  5.1
Spellcasting   | |  2.0
Transmutations | |  1.7

Action                   |  1- 3 |  4- 6 || total
-------------------------+-------+-------++-------
Melee: Dagger            |    94 |     2 ||    96
       Kick              |    22 |     5 ||    27
       Headbutt          |     2 |     1 ||     3
       Punch             |     1 |       ||     1
       Hand axe          |       |    32 ||    32
 Cast: Beastly Appendage |    20 |     2 ||    22
  Use: Scroll            |     6 |     4 ||    10
       Potion            |       |     1 ||     1
 Stab: Sleeping          |     2 |       ||     2
Armor: Robe              |    10 |       ||    10
       Leather armour    |    15 |     6 ||    21
Dodge: Dodged            |    68 |    21 ||    89

Table legend: (Time is in decaauts)
 A = Elapsed time spent in this place.
 B = Non-inter-level travel time spent in this place.
 C = Inter-level travel time spent in this place.
 D = Time resting spent in this place.
 E = Time spent auto-exploring this place.
 F = Levels seen in this place.
 G = Mean time per level.
                   A        B        C        D        E       F      G
               +--------+--------+--------+--------+--------+-----+--------+
         Total |   1967 |   1901 |     66 |    269 |    942 |   4 |  491.8 |
       Dungeon |   1889 |   1823 |     66 |    269 |    942 |   3 |  629.7 |
         Sewer |     78 |     78 |      0 |      0 |      0 |   1 |   78.0 |
               +--------+--------+--------+--------+--------+-----+--------+

Top non-repeatable levels by time:
     D:2: 857 daAuts
     D:1: 837 daAuts
     D:3: 194 daAuts
   Sewer: 78 daAuts
